 Dungeon Crawl Stone Soup version 0.21.1-1-g345015f (webtiles) character file.

84 letownia2 the Insei (level 4, -4/32 HPs)
             Began as a Merfolk Transmuter on Mar 14, 2018.
             Killed from afar by an orc wizard (10 damage)
             ... with a puff of flame
             ... on level 3 of the Dungeon.
             The game lasted 00:03:03 (465 turns).

letownia2 the Insei (Merfolk Transmuter)             Turns: 465, Time: 00:03:03

Health: -4/32      AC:  2    Str: 10    XL:     4   Next: 45%
Magic:  2/7        EV: 21    Int: 13    God:
Gold:   17         SH:  0    Dex: 19    Spells: 1/7 levels left

rFire    . . .     SeeInvis .     - Unarmed
rCold    . . .     Gourm    .   (shield currently unavailable)
rNeg     . . .     Faith    .   (armour currently unavailable)
rPois    x         Spirit   .   (helmet currently unavailable)
rElec    .         Reflect  .   (cloak currently unavailable)
rCorr    .         Harm     .   (gloves currently unavailable)
MR       .....                  (boots currently unavailable)
Stlth    ++........             (no amulet)
HPRegen  0.10/turn              (no ring)
MPRegen  0.10/turn              (no ring)

@: spider-form (expiring)
A: tiny, (change form in water), (swift swim), (stealthy swim)
a: End Transformation


You were on level 3 of the Dungeon.
You were not hungry.
You were a venomous arachnid creature.
You visited 1 branch of the dungeon, and saw 4 of its levels.

You collected 17 gold pieces.

Inventory:

Hand Weapons
 j - a cursed -2 hunting sling
Missiles
 a - 42 arrows
Armour
 b - a +0 robe (melded)
 h - a +0 leather armour
 n - a +0 ring mail
Wands
 m - a wand of iceblast (11)
 q - a wand of digging (16)
Scrolls
 e - 2 scrolls of teleportation {unknown}
 f - 2 scrolls of remove curse {unknown}
 g - 3 scrolls of identify {unknown}
 i - a scroll of magic mapping {unknown}
Potions
 k - a potion of magic {unknown}
 l - a potion of experience {unknown}
 o - 2 potions of curing {unknown}
 p - a potion of brilliance {unknown}
Books
 c - a book of Changes

   Spells                             Type                      Level
   a - Beastly Appendage              Transmutation                1
   b - Sticks to Snakes               Transmutation                2
   c - Spider Form                    Transmutation/Poison         3
   d - Ice Form                       Ice/Transmutation            4
   e - Blade Hands                    Transmutation                5
Comestibles
 d - 2 rations


   Skills:
 - Level 1.1 Fighting
 - Level 2.6 Dodging
 + Level 4.3 Unarmed Combat
 - Level 2.0 Spellcasting
 + Level 4.2 Transmutations
 - Level 2.0 Poison Magic


You had one spell level left.
You knew the following spells:

 Your Spells              Type           Power        Failure   Level  Hunger
a - Beastly Appendage     Tmut           ##....       13%         1    ##.....
l - Sticks to Snakes      Tmut           ##......     19%         2    ###....
p - Spider Form           Tmut/Pois      #.........   43%         3    ####...


Dungeon Overview and Level Annotations

Branches:
Dungeon (4/15)
 Temple: D:4-7

Altars:


Message History

A bat comes into view.
Your transformation is almost over.
You barely miss the orc wizard.
Unknown command.
You barely miss the orc wizard. The orc wizard completely misses you.
Unknown command.
You hit the orc wizard.
The orc wizard is poisoned.
The orc wizard is moderately wounded.
The orc hits you with a whip.
* * * LOW HITPOINT WARNING * * *
The orc wizard hits you with a dagger.
* * * LOW HITPOINT WARNING * * *
Unknown command.
You hit the orc wizard.
The orc wizard looks as sick as possible!
The orc wizard is heavily wounded.
The orc barely misses you.
The orc wizard gestures at you while chanting.
The puff of flame hits you!
You die...

#.......# #..........###
#.......# #..)..........
#.......## #.............
#........## #...........#.
#.........### #...........##
#.......#....####..........>##
#####.######..#...####.###..##
#.# #o#)### #.###[.## #.#
#so..### #.##..... #(#
###.o..# #.#...##. #.. #.####
#####.### #. ..# ### # ..o#
....b #....# #....# .....>


You could see an orc wizard and 2 orcs.

Vanquished Creatures
  Ijyb (D:3)
  2 adders (D:3)
  An ooze (D:3)
  An adder skeleton (D:4)
  A worm (D:3)
  A dart slug (D:1)
  2 leopard geckos
  An orc (D:3)
  A giant cockroach (D:1)
  2 goblins (D:1)
  A hobgoblin (D:1)
  A quokka (D:3)
  A ball python (D:4)
  3 bats (D:1)
  A frilled lizard (D:2)
  6 kobolds
  4 rats
30 creatures vanquished.

Notes
Turn   | Place    | Note
-------+----------+-------------------------------------------
     0 | D:1      | letownia2 the Merfolk Transmuter began the quest for the Orb.
     0 | D:1      | Reached XP level 1. HP: 15/15 MP: 3/3
    56 | D:1      | Reached XP level 2. HP: 15/21 MP: 3/5
    67 | D:1      | Learned a level 2 spell: Sticks to Snakes
   235 | D:2      | Reached XP level 3. HP: 9/26 MP: 4/6
   295 | D:3      | Learned a level 3 spell: Spider Form
   337 | D:3      | Reached skill level 1 in Poison Magic
   404 | D:4      | Noticed Ijyb
   406 | D:4      | Noticed a scorpion
   424 | D:3      | Killed Ijyb
   424 | D:3      | Reached XP level 4. HP: 12/32 MP: 1/7
   465 | D:3      | Killed from afar by an orc wizard

Skill      XL: |  1  2  3 |
---------------+----------+-----
Transmutations | 3 4 |  4.2
Poison Magic   | 2 |  2.0
Unarmed Combat | 4 |  4.3
Fighting       | |  1.1
Dodging        | |  2.6
Spellcasting   | |  2.0

Action                   |  1- 3 |  4- 6 || total
-------------------------+-------+-------++-------
Melee: Unarmed           |    80 |     6 ||    86
       Headbutt          |     7 |       ||     7
 Cast: Beastly Appendage |    11 |       ||    11
       Spider Form       |     3 |     1 ||     4
 Stab: Sleeping          |     2 |       ||     2
Armor: Robe              |    13 |       ||    13
Dodge: Dodged            |    48 |     2 ||    50
